Map: Tokamak LE

Players

LiquidMaNa (MaNa) - Winner!

  • Race: Protoss Protoss
  • League: Grandmaster
  • Spawn Location: 1:00

Geralt (Gerald)

  • Race: Protoss Protoss
  • League: Master
  • Spawn Location: 7:00

Event: FEL Cracov 2025

VOD

Have the link to the VOD?

Description

Time

  • Played on: July 27, 2025, 12:29 p.m.
  • Length: 6:40

All games in this series

Show
View Real Time Build Order
Export as new Build Order

LiquidMaNa Protoss - Winner!

Build Orders: Oracle Opening, Blink Stalkers 

Get SALT Encoding   

  12  0:00  Probe  
  13  0:12  Probe  
  14  0:17  Pylon  
  14  0:24  Probe  
  15  0:32  Probe  
  15  0:36  Gateway  
  15  0:40  Probe  
  16  0:46  Assimilator  
  17  0:50  Probe  
  18  0:59  Probe  
  19  1:04  Assimilator  
  19  1:05  Pylon  
  19  1:07  Probe  
  20  1:17  Probe  
  20  1:23  Cybernetics Core  
  21  1:29  Probe, Zealot  
  24  1:41  Probe  
  25  1:53  Probe  
  26  2:00  Stargate, Adept  
  28  2:05  Probe  
  29  2:12  Warp Gate  
  30  2:22  Probe  
  30  2:24  Pylon  
  30  2:35  Oracle  
  30  2:36  Stalker  
  29  2:42  Probe  
  35  2:54  Nexus  
  35  3:00  Shield Battery  
  35  3:02  Oracle  
  35  3:06  Probe  
  39  3:20  Pylon  
  39  3:27  Gateway  
  39  3:40  Probe  
  40  3:43  Twilight Council  
  40  3:52  Probe, Gateway  
  41  3:59  Blink  
  41  4:02  Stalker  
  43  4:04  Probe  
  43  4:08  Probe  
  45  4:16  Probe  
  46  4:21  Probe  
  44  4:28  Probe  
  45  4:33  Probe  
  44  4:44  Probe  
  43  4:47  Stalker x3, Probe  
  50  4:57  Probe  
  52  5:00  Gateway  
  52  5:10  Stalker x3  
  57  5:15  Pylon  
  57  5:20  Probe x2  
  59  5:34  Stalker x3  
  65  5:37  Probe x2  
  67  5:49  Pylon  
  67  5:51  Nexus  
  67  5:56  Stalker  
  69  5:59  Probe  
  69  6:03  Probe  
  65  6:14  Stalker x3  
  71  6:19  Probe  
  71  6:21  Shield Battery  
  72  6:26  Probe  
  71  6:32  Stalker  
Show
View Real Time Build Order
Export as new Build Order

Geralt Protoss 

Build Orders: Blink Stalkers 

Get SALT Encoding   

  12  0:00  Probe  
  13  0:12  Probe  
  14  0:17  Pylon  
  14  0:23  Probe  
  15  0:31  Probe  
  15  0:37  Gateway  
  15  0:39  Probe  
  16  0:46  Assimilator  
  17  0:51  Probe  
  17  0:54  Assimilator  
  18  0:59  Probe  
  19  1:07  Probe  
  19  1:08  Gateway  
  19  1:17  Probe  
  20  1:24  Cybernetics Core  
  21  1:29  Probe  
  22  1:34  Pylon  
  22  1:41  Probe  
  23  1:53  Probe  
  24  1:59  Warp Gate, Stalker  
  24  2:00  Pylon  
  24  2:01  Stalker  
  28  2:10  Probe  
  29  2:16  Pylon  
  29  2:19  Pylon  
  29  2:25  Probe  
  30  2:32  Pylon  
  30  2:37  Probe  
  31  2:43  Sentry  
  31  2:44  Sentry  
  35  2:58  Nexus  
  34  3:01  Probe  
  35  3:13  Probe  
  35  3:15  Shield Battery  
  36  3:20  Twilight Council  
  36  3:28  Pylon, Probe  
  37  3:41  Probe  
  37  3:44  Blink  
  37  3:48  Stalker  
  39  3:50  Shield Battery  
  39  3:51  Stalker  
  41  4:08  Probe  
  38  4:18  Probe  
  38  4:20  Stalker, Probe  
  42  4:30  Probe  
  42  4:33  Probe  
  43  4:39  Stalker  
  43  4:43  Probe  
  43  4:45  Probe  
  45  4:49  Gateway  
  45  4:55  Probe  
  45  4:57  Stalker  
  45  4:59  Probe  
  49  5:07  Probe  
  49  5:11  Probe  
  51  5:23  Nexus  
  51  5:25  Probe  
  51  5:26  Probe  
  53  5:32  Adept  
  53  5:33  Adept  
  57  5:37  Probe  
  57  5:42  Probe, Pylon  
  59  5:46  Stalker  
  61  5:52  Probe  
  61  5:54  Pylon  
  62  6:00  Stalker x2  
  54  6:12  Stalker  
  53  6:25  Stalker x2  
  55  6:26  Probe x2  
  55  6:29  Gateway  
  55  6:31  Gateway  
Tags
 
Add a new tag
Caveats
  • Supply blocks, unpowered buildings, or Contaminate may cause inaccurate times.
  • Supply counts are checked every 10 seconds.